 Dungeon Crawl Stone Soup version 0.28.0-45-g0d030f2227 (webtiles) character file.

Game seed: 11463558621022174452

17500 Icepheonix32 the Frost Mage (level 12, -13/79 HPs)
             Began as a Demonspawn Ice Elementalist on Apr 16, 2022.
             Was a High Priest of Okawaru.
             Mangled by an entropy weaver simulacrum (14 damage)
             ... in an ice cave on Apr 18, 2022.
             The game lasted 00:38:10 (13713 turns).

Icepheonix32 the Frost Mage (DsIE)                 Turns: 13713, Time: 00:38:12

Health: -13/79     AC: 26    Str: 12    XL:     12   Next: 19%
Magic:  22/22      EV: 13    Int: 22    God:    Okawaru [*****.]
Gold:   658        SH:  4    Dex: 19    Spells: 6/24 levels left

rFire   . . .      SeeInvis .   m - +7 spear "Qigouf" {speed, *Rage rElec rF+ rCorr}
rCold   + . .      Faith    .   (no shield)
rNeg    . . .      Spirit   .   O - +4 steam dragon scales
rPois   .          Reflect  .   (helmet restricted)
rElec   +          Harm     .   p - +0 cloak
rCorr   +          Rampage  .   h - +0 pair of gloves {Dex+3}
Will    .....      Rage     20% (no boots)
Stlth   +++.......              B - amulet of regeneration
HPRegen 1.03/turn               J - ring of ice
MPRegen 0.18/turn               y - +6 ring of intelligence

@: mighty, ice-armoured
A: hooves 2, horns 2, icemail 1, powered by pain 2, condensation shield, fangs
1, frail 1, MP-powered wands
a: Renounce Religion, Heroism, Finesse, Duel


You were in an ice cave.
You worshipped Okawaru.
Okawaru was extremely pleased with you.
You visited 2 branches of the dungeon, and saw 12 of its levels.
You also visited: Ice Cave.

You collected 678 gold pieces.
You spent 20 gold pieces at shops.

Inventory:

Hand Weapons
 m - the +7 spear "Qigouf" (weapon) {speed, *Rage rElec rF+ rCorr}
   (You found it on level 3 of the Dungeon)

   Attacks with this weapon are significantly faster.
   rF:        It protects you from fire.
   rElec:     It insulates you from electricity.
   *Rage:     It berserks you when you make melee attacks (+20% chance).
   rCorr:     It protects you from acid and corrosion.
Missiles
 i - 16 poisoned darts
 k - 2 datura-tipped darts
 l - 9 boomerangs
 L - 6 javelins
 R - 6 curare-tipped darts
Armour
 h - a +0 pair of gloves of dexterity (worn)
 p - a +0 cloak (worn)
 O - +4 steam dragon scales (worn)
 Q - +0 acid dragon scales
Magical Staves
 K - a staff of cold
Jewellery
 d - the ring "Qoqaqiat" {rPois rC+}
   (You found it in an ice cave)

   [ring of protection from cold]

   rC:        It protects you from cold.
   rPois:     It protects you from poison.
 y - a +6 ring of intelligence (right hand)
 B - an amulet of regeneration (around neck)
 J - a ring of ice (left hand)
 M - a ring of resist corrosion
Wands
 D - a wand of polymorph (8)
 N - a wand of iceblast (4)
 P - a wand of flame (11)
Scrolls
 b - 3 scrolls of vulnerability
 f - 2 scrolls of noise
 g - a scroll of fear
 j - 6 scrolls of teleportation
 t - a scroll of immolation
 x - a scroll of silence
 z - a scroll of torment
 A - a scroll of fog
 E - 2 scrolls of brand weapon
 G - a scroll of amnesia
 I - a scroll of enchant weapon
Potions
 a - a potion of resistance {unknown}
 e - 3 potions of berserk rage
 n - a potion of heal wounds
 o - 5 potions of curing
 r - 2 potions of might
 u - a potion of ambrosia
 w - 2 potions of haste
 C - a potion of brilliance
 F - a potion of lignification


   Skills:
 * Level 6.0 Fighting
 * Level 8.4 Polearms
 + Level 2.0 Throwing
 + Level 1.8 Armour
 + Level 3.0 Dodging
 + Level 3.9 Stealth
 + Level 1.5 Shields
 * Level 6.8 Spellcasting
 * Level 3.0 Hexes
 + Level 12.3 Ice Magic
 * Level 3.2 Air Magic
 * Level 4.0 Invocations


You had 6 spell levels left.
You knew the following spells:

 Your Spells              Type           Power      Damage    Failure   Level
a - Freeze                Ice            100%       1d11      1%          1
b - Ozocubu's Armour      Ice            75%        N/A       1%          3
c - Frozen Ramparts       Ice            100%       1d12      1%          3
d - Hailstorm             Conj/Ice       51%        3d11      7%          4
e - Blink                 Tloc           14%        N/A       13%         2
f - Silence               Hex/Air        10%        N/A       54%         5

Your spell library contained the following spells:

 Spells                   Type           Power      Damage    Failure   Level
 Static Discharge         Conj/Air       14%        N/A       7%          2
 Apportation              Tloc           14%        N/A       9%          1
 Magic Dart               Conj           28%        1d4       9%          1
 Inner Flame              Hex/Fire       14%        N/A       14%         3
 Mephitic Cloud           Conj/Pois/Air  12%        N/A       16%         3
 Cause Fear               Hex            10%        N/A       24%         4
 Conjure Flame            Conj/Fire      7%         6-21      26%         3
 Ignite Poison            Fire/Tmut/Pois 7%         N/A       26%         3
 Lesser Beckoning         Tloc           7%         N/A       26%         3
 Dispel Undead            Necr           7%         3d8       63%         4
 Passage of Golubria      Tloc           7%         N/A       63%         4
 Sticky Flame             Conj/Fire      7%         2d3       63%         4
 Manifold Assault         Tloc           7%         N/A       93%         5
 Discord                  Hex            10%        N/A       100%        8
 Lehudib's Crystal Spear  Conj/Erth      3%         10d3      100%        8
 Call Imp                 Summ           Unusable   N/A       N/A         2

Dungeon Overview and Level Annotations

Branches:
Dungeon (11/15)            Temple (1/1) D:6            Lair (0/6) D:11
    Orc (0/2) D:11          IceCv (1/1)

Altars:
Ashenzari
Cheibriados
Dithmenos
Elyvilon
Fedhas
Gozag
Hepliaklqana
Kikubaaqudgha
Makhleb
Nemelex Xobeh
Okawaru
Qazlal
Ru
Sif Muna
Trog
Uskayaw
Vehumet
Wu Jian
Xom
Yredelemnul
Zin
The Shining One

Shops:
D:4 (   D:5 *   D:6 :   D:9 =

Annotations:
D:4 2 transporters, crimpus's ghost, amateur MiFi


Innate Abilities, Weirdness & Mutations

You have hoof-like feet.
You have a pair of horns on your head.
A meltable icy envelope protects you from harm. (AC +4)
You sometimes gain power by taking damage.
A meltable shield of frost defends you. (SH +4)
You have very sharp teeth.
You are frail. (-10% HP)
You expend magic power (3 MP) to strengthen your wands.


Message History

Unknown command.
You puncture the entropy weaver simulacrum!
You kick the entropy weaver simulacrum, but do no damage.
You punch the entropy weaver simulacrum.
You bite the entropy weaver simulacrum, but do no damage.
The entropy weaver simulacrum is heavily damaged.
The entropy weaver simulacrum hits you.
The entropy weaver simulacrum freezes you!
You resist.
You focus on the pain.
You feel very mighty all of a sudden.
The entropy weaver simulacrum hits you but does no damage.
The entropy weaver simulacrum closely misses you.
The entropy weaver simulacrum hits you but does no damage.
You feel a surge of power! A film of ice covers your body!
The entropy weaver simulacrum hits you!
The entropy weaver simulacrum freezes you!
You resist.
You focus on the pain.
You feel your power returning. The entropy weaver simulacrum hits you.
The entropy weaver simulacrum freezes you!
You resist.
The entropy weaver simulacrum misses you.
The entropy weaver simulacrum hits you!
* * * LOW HITPOINT WARNING * * *
The entropy weaver simulacrum freezes you!
You resist.
* * * LOW HITPOINT WARNING * * *
You feel much better. The entropy weaver simulacrum hits you.
* * * LOW HITPOINT WARNING * * *
The entropy weaver simulacrum freezes you!
You resist.
* * * LOW HITPOINT WARNING * * *
You focus on the pain.
You feel mightier all of a sudden.
The entropy weaver simulacrum hits you but does no damage.
The entropy weaver simulacrum closely misses you.
The entropy weaver simulacrum hits you.
* * * LOW HITPOINT WARNING * * *
The entropy weaver simulacrum freezes you!
You resist.
You die...

##...## ##.....#
#..... #......##
J.... #.......#
...Z ##.......#
##...
##....#...###...#
#...#.##..##....#
##..##.##..##.ZJ.#
#..##=[##..##.@.#
#..#.).#...##...#
##.##..##.......##
#..##..#....##..#
#..#..##..####.[#
##.##..#...# #..#
#..#..##..## #..#
...#..##..# ##..#
#..#...#..## #..##


You could see 2 slime creatures, an ugly thing simulacrum and an entropy weaver
simulacrum.

Vanquished Creatures
  A boulder beetle (D:11)
  Erolcha (D:11)
  2 two-headed ogres
  Pikel (D:4)
  A manticore (D:9)
  2 ice statues (IceCv)
  Joseph (D:9)
  2 gargoyles
  An unseen horror (D:10)
  Maggie (D:9)
  3 entropy weaver simulacra (IceCv)
  3 trolls
  Grinder (D:3)
  A hornet (D:8)
  11 slime creatures (IceCv)
  A shadow (D:10)
  2 wyverns
  A vampire (D:10)
  7 yaks
  Eustachio (D:4)
  A wraith (D:9)
  2 steam dragons
  3 water moccasins
  Duvessa (D:6)
  3 ice beasts
  2 orc warriors
  A black bear (D:7)
  A hornet zombie (D:7)
  4 sky beasts
  3 ugly thing simulacra (IceCv)
  8 necrophages
  4 centaurs
  3 ogres
  2 lemures (D:4)
  2 phantoms
  Blork the orc (D:4)
  A kobold brigand (D:8)
  4 scorpions
  A bullfrog (D:4)
  3 glowing shapeshifter simulacra (IceCv)
  A wyvern skeleton (D:7)
  Dowan (D:6)
  10 wights
  3 howler monkeys (D:8)
  5 centaur zombies
  2 bullfrog zombies (D:7)
  A bullfrog skeleton (D:5)
  3 hounds
  4 jellies
  A gnoll shaman (D:9)
  An orc priest (D:9)
  9 iguanas
  9 orc wizards
  Natasha (thrice) (D:3)
  A killer bee zombie (D:7)
  2 hound zombies (D:5)
  A howler monkey zombie (D:9)
  11 adders
  3 gnolls (D:9)
  An ufetubus (D:4)
  A worm (D:2)
  2 dart slugs
  28 orcs
  9 endoplasms
  3 giant cockroaches
  4 goblins
  6 hobgoblins
  6 jackals (D:3)
  6 quokkas
  12 ball pythons
  3 bats
  3 frilled lizards
  10 kobolds
  5 rats
264 creatures vanquished.

Vanquished Creatures (others)
  A bush (D:7)
  10 plants (D:7)
11 creatures vanquished.

Grand Total: 275 creatures vanquished

Notes
Turn   | Place    | Note
-------+----------+-------------------------------------------
     0 | D:1      | Icepheonix32 the Demonspawn Ice Elementalist began the
                  | quest for the Orb.
     0 | D:1      | Reached XP level 1. HP: 13/13 MP: 3/3
   360 | D:1      | Gained mutation: A meltable shield of frost defends you.
                  | (SH +4) [demonic ancestry]
   360 | D:1      | Reached XP level 2. HP: 10/20 MP: 1/5
   757 | D:1      | Reached skill level 1 in Fighting
   931 | D:1      | Found a faded altar of an unknown god.
   954 | D:1      | Got Plato's Compendium of the Voyage
   967 | D:1      | Reached skill level 4 in Ice Magic
  1294 | D:2      | Discovered your monstrous ancestry.
  1294 | D:2      | Gained mutation: You have a pair of small horns on your
                  | head. [demonic ancestry]
  1294 | D:2      | Reached XP level 3. HP: 26/26 MP: 1/6
  1392 | D:2      | Reached skill level 1 in Armour
  1443 | D:2      | Found a sacrificial altar of Ru.
  1464 | D:2      | Learned a level 3 spell: Ozocubu's Armour
  1930 | D:2      | Reached XP level 4. HP: 32/32 MP: 2/7
  2341 | D:3      | Noticed Grinder
  2354 | D:3      | Learned a level 3 spell: Frozen Ramparts
  2365 | D:3      | Killed Grinder
  2366 | D:3      | Reached skill level 6 in Ice Magic
  2366 | D:3      | Gained mutation: You have large cloven feet. [demonic
                  | ancestry]
  2366 | D:3      | Reached XP level 5. HP: 30/37 MP: 1/8
  2366 | D:3      | Reached XP level 6. HP: 35/43 MP: 1/9
  2438 | D:3      | Found an iron altar of Okawaru.
  2481 | D:3      | Found a sacrificial altar of Ru.
  2485 | D:3      | Found a stormy altar of Qazlal.
  2531 | D:3      | Identified the +7 spear "Qigouf" {speed, *Rage rElec rF+
                  | rCorr}
  3035 | D:3      | Noticed Natasha
  3040 | D:3      | Killed Natasha
  3439 | D:3      | Reached skill level 7 in Ice Magic
  3469 | D:3      | Noticed Natasha
  3568 | D:3      | Killed Natasha
  3577 | D:3      | Noticed Natasha
  3584 | D:3      | Killed Natasha
  3659 | D:4      | Gained mutation: You have a pair of horns on your head.
                  | [demonic ancestry]
  3659 | D:4      | Reached XP level 7. HP: 48/48 MP: 10/10
  3810 | D:4      | Reached skill level 8 in Ice Magic
  3817 | D:4      | Noticed Eustachio
  3828 | D:4      | Killed Eustachio
  4082 | D:4      | Reached skill level 9 in Ice Magic
  4082 | D:4      | Reached XP level 8. HP: 54/54 MP: 2/11
  4165 | D:4      | Found a transporter.
  4168 | D:4      | Noticed crimpus's ghost (amateur MiFi)
  4183 | D:4      | Found a transporter.
  4331 | D:4      | Found Luxu's Weapon Boutique.
  4339 | D:4      | Noticed Blork the orc
  4414 | D:4      | Noticed Pikel
  4423 | D:4      | Killed Pikel
  4424 | D:4      | Reached skill level 10 in Ice Magic
  4509 | D:4      | Killed Blork the orc
  4899 | D:5      | Entered Level 5 of the Dungeon
  5253 | D:5      | Found Daggyuny's General Store.
  5259 | D:5      | Bought a scroll of identify for 20 gold pieces
  5360 | D:5      | Reached skill level 1 in Polearms
  5360 | D:5      | Gained mutation: You have hoof-like feet. [demonic
                  | ancestry]
  5360 | D:5      | Reached XP level 9. HP: 54/59 MP: 12/12
  5364 | D:5      | Reached skill level 11 in Ice Magic
  5569 | D:5      | Found a hide-covered altar of Uskayaw.
  6243 | D:5      | Reached skill level 1 in Shields
  6358 | D:6      | Found a staircase to the Ecumenical Temple.
  6369 | Temple   | Entered the Ecumenical Temple
  6761 | D:6      | Found Qoariow's Book Shop.
  7014 | D:6      | Reached skill level 5 in Polearms
  7122 | D:6      | Noticed Dowan
  7125 | D:6      | Noticed Duvessa
  7131 | D:6      | Killed Dowan
  7137 | D:6      | Killed Duvessa
  7530 | D:6      | Gained mutation: You sometimes gain a little power by
                  | taking damage. [demonic ancestry]
  7530 | D:6      | Reached XP level 10. HP: 68/68 MP: 14/14
  7964 | D:7      | Learned a level 4 spell: Hailstorm
  7967 | D:7      | Learned a level 2 spell: Blink
  8022 | D:7      | Found an ancient bone altar of Kikubaaqudgha.
  8306 | D:7      | Found a sparkling altar of Nemelex Xobeh.
  8831 | D:7      | Found a blossoming altar of Fedhas.
  9083 | D:8      | Found a shadowy altar of Dithmenos.
 10177 | D:8      | Found a burning altar of Makhleb.
 10177 | D:8      | Noticed a green death
 10492 | D:3      | Became a worshipper of Warmaster Okawaru
 10689 | D:9      | Noticed a gargoyle
 10701 | D:9      | Killed a gargoyle
 10737 | D:9      | Found Gaum's Jewellery Shop.
 11004 | D:9      | Noticed a manticore
 11015 | D:9      | Killed a manticore
 11016 | D:9      | Reached skill level 5 in Spellcasting
 11016 | D:9      | Reached skill level 12 in Ice Magic
 11016 | D:9      | Gained mutation: You sometimes gain power by taking damage.
                  | [demonic ancestry]
 11016 | D:9      | Reached XP level 11. HP: 78/78 MP: 18/18
 11112 | D:9      | Reached * piety under Okawaru
 11249 | D:9      | Noticed Joseph
 11261 | D:9      | Killed Joseph
 11266 | D:9      | Reached skill level 1 in Throwing
 11337 | D:9      | Noticed Maggie
 11358 | D:9      | Killed Maggie
 11653 | D:9      | Noticed a two-headed ogre
 11661 | D:9      | Killed a two-headed ogre
 11741 | D:10     | Entered Level 10 of the Dungeon
 11782 | D:10     | Learned a level 5 spell: Silence
 11811 | D:10     | Reached ** piety under Okawaru
 11951 | D:10     | Reached skill level 5 in Fighting
 12168 | D:10     | Reached skill level 1 in Invocations
 12243 | D:10     | Reached skill level 1 in Hexes
 12437 | D:10     | Reached skill level 1 in Air Magic
 12459 | D:10     | Found a hazy altar of Hepliaklqana.
 12463 | D:10     | Reached *** piety under Okawaru
 12471 | D:10     | Found a faded altar of an unknown god.
 12524 | D:10     | Noticed a two-headed ogre
 12533 | D:10     | Killed a two-headed ogre
 12706 | D:10     | Gained mutation: You are frail. (-10% HP) [potion of
                  | mutation]
 12706 | D:10     | Gained mutation: You expend magic power (3 MP) to
                  | strengthen your wands. [potion of mutation]
 12706 | D:10     | Gained mutation: You have very sharp teeth. [potion of
                  | mutation]
 12766 | D:11     | Noticed Erolcha
 12790 | D:11     | Killed Erolcha
 12871 | D:11     | Noticed a boulder beetle
 12899 | D:11     | Killed a boulder beetle
 12899 | D:11     | Reached **** piety under Okawaru
 12958 | D:11     | Found a frozen archway.
 12969 | IceCv    | Entered an ice cave
 13192 | IceCv    | Got the ring "Qoqaqiat" {rPois rC+}
 13326 | IceCv    | Gained mutation: A meltable icy envelope protects you from
                  | harm. (AC +4) [demonic ancestry]
 13326 | IceCv    | Reached XP level 12. HP: 78/78 MP: 18/22
 13432 | IceCv    | Reached ***** piety under Okawaru
 13670 | IceCv    | Received a gift from Okawaru
 13713 | IceCv    | HP: 1/79 [entropy weaver simulacrum (3)]
 13713 | IceCv    | Mangled by an entropy weaver simulacrum

Illustrated notes

Levels and vault maps discovered:
D:1:      dpeg_arrival_refuge, layout_basic,
          shapermc_ecumenical_altar_rom_forum, serial_aquarium,
          aquarium_bridge_straight [aquarium_subvault_bridge,
          aquarium_subvault_wall, aquarium_subvault_bridge,
          aquarium_subvault_wall], aquarium_window_fake,
          aquarium_window_corridor_2, aquarium_window_fake, aquarium_window_2,
          aquarium_view_2b
D:2:      layout_basic, basic_altar
D:3:      layout_basic, okawaru_ov_weapons_minmay, jmf_multi_god_temple,
          roderic_roman_lattice, uniq_grinder, uniq_natasha
D:4:      layout_basic, gammafunk_ghost_stat_death, nicolae_stop_n_shop_2,
          uniq_eustachio, uniq_pikel, uniq_blork_the_orc
D:5:      layout_loops_corners, mainiacjoe_overflow_alcove_1, serial_shops,
          shop, grunt_ministairs_14
D:6:      layout_loops_corners, minmay_temple_entry_waves, serial_shops,
          kennysheep_mini, uniq_duvessa
D:7:      layout_loops_ring, mainiacjoe_overflow_concentric_impassable,
          fedhas_altar_decomposition, general_overflow_altar
D:8:      layout_loops_ring, makhleb_altar_promises_db,
          nicolae_dithmenos_shadow_blocks
D:9:      layout_gridville, serial_shops, shop, uniq_joseph, uniq_maggie
D:10:     layout_loops_ring, beargit_hepliaklqana_dungeon_heroes
D:11:     layout_irregular_city, minmay_lair_entry_grove, david_orc_1_choice,
          portal_ice_cave_entry_pillars_1, amethyst_killhole,
          minmay_guarded_unrand_vampires_tooth, uniq_sonja, uniq_fannar,
          uniq_erolcha
Temple:   hc_temple_tempest_star
IceCv:    ice_cave_hellmonk_azure_passage

Skill      XL: |  1  2  3  4  5  6  7  8  9 10 11 12 |
---------------+-------------------------------------+-----
Fighting       | 1 2 4 5 6 |  6.0
Ice Magic      | 4 6 7 9 10 11 12 | 12.3
Armour         | 1 |  1.8
Polearms       | 1 5 7 8 |  8.4
Stealth        | 2 3 |  3.9
Dodging        | 2 3 |  3.0
Shields        | 1 |  1.5
Spellcasting   | 3 5 6 |  6.8
Throwing       | 2 |  2.0
Invocations    | 3 4 |  4.0
Hexes          | 2 3 |  3.0
Air Magic      | 2 3 |  3.2

Action                   |  1- 3 |  4- 6 |  7- 9 | 10-12 || total
-------------------------+-------+-------+-------+-------++-------
Melee: Dagger            |    39 |       |       |       ||    39
       Unarmed           |     7 |       |       |       ||     7
       Rapier            |     8 |    15 |       |       ||    23
       Spear             |     5 |    51 |   248 |   504 ||   808
       Headbutt          |       |    11 |    33 |    82 ||   126
       Punch             |       |     1 |       |    13 ||    14
       Kick              |       |    11 |    57 |   116 ||   184
       Bite              |       |       |       |    24 ||    24
Throw: Boomerang         |       |       |     7 |    16 ||    23
       Dart              |       |       |       |     5 ||     5
 Cast: Freeze            |    50 |    15 |       |       ||    65
       Frozen Ramparts   |       |     2 |     5 |    22 ||    29
       Ozocubu's Armour  |       |     2 |    20 |    43 ||    65
Invok: Heroism           |       |       |       |     4 ||     4
  Use: Scroll            |       |       |     7 |    18 ||    25
       Potion            |       |       |       |     3 ||     3
 Stab: Sleeping          |     1 |     3 |    13 |     5 ||    22
       Distracted        |       |       |     1 |     1 ||     2
Armor: Robe              |    18 |    14 |    18 |    25 ||    75
       Ring mail         |       |       |     2 |       ||     2
       Steam dragon scal |       |       |       |    44 ||    44
Dodge: Dodged            |    61 |    28 |    60 |   119 ||   268
Block: Other             |    13 |     7 |    19 |    17 ||    56
